 Dungeon Crawl Stone Soup version 0.26.1-2-gb8aa6d0cf2 (webtiles) character file.

Game seed: 2017380915413132238

3803 Alarak the Destroyer (level 9, 0/45 HPs)
             Began as a Deep Elf Conjurer on Feb 28, 2021.
             Was a Believer of Qazlal.
             Shot with an arrow by a centaur (4 damage)
             ... on level 8 of the Dungeon.
             The game lasted 01:01:04 (9728 turns).

Alarak the Destroyer (Deep Elf Conjurer)            Turns: 9728, Time: 01:01:05

Health: 0/45       AC:  7    Str:  4    XL:     9   Next: 96%
Magic:  19/25      EV: 13    Int: 27    God:    Qazlal [**....]
Gold:   249        SH:  3    Dex: 13    Spells: 11/28 levels left

rFire    . . .     SeeInvis .   x - +2 quarterstaff (speed)
rCold    . . .     Faith    .   (shield currently unavailable)
rNeg     . . .     Spirit   .   E - +2 robe {Will+}
rPois    .         Reflect  .   n - +0 helmet
rElec    .         Harm     .   (no cloak)
rCorr    .         Rampage  .   (no gloves)
Will     +....                  t - +1 pair of boots
Stlth    ++........             o - amulet of regeneration
HPRegen  0.55/turn              h - ring of fire
MPRegen  0.19/turn              A - ring of ice

@: marked
A: no striking features
a: Renounce Religion, Upheaval


You were on level 8 of the Dungeon.
You worshipped Qazlal.
Qazlal was pleased with you.
You visited 2 branches of the dungeon, and saw 9 of its levels.

You collected 345 gold pieces.
You spent 96 gold pieces at shops.

Inventory:

Hand Weapons
 g - a +0 short sword of speed
 u - a +3 hunting sling
 x - a +2 quarterstaff of speed (weapon)
Armour
 a - a +0 robe
 n - a +0 helmet (worn)
 t - a +1 pair of boots (worn)
 z - a +0 robe
 B - a +0 robe of fire resistance
 E - a +2 robe of willpower (worn)
Jewellery
 h - a ring of fire (left hand)
 o - an amulet of regeneration (around neck)
 A - a ring of ice (right hand)
 H - an uncursed ring of poison resistance {unknown}
Wands
 y - a wand of acid (11)
 F - a wand of digging (7)
 G - a wand of polymorph (8)
Scrolls
 c - a scroll of fog
 d - 2 scrolls of amnesia
 k - a scroll of magic mapping {unknown}
 v - 4 scrolls of remove curse
 C - 3 scrolls of random uselessness
 I - a scroll of teleportation
 J - a scroll of silence {unknown}
 K - 3 scrolls of identify
Potions
 b - 3 potions of mutation
 e - a potion of lignification {unknown}
 f - a potion of invisibility {unknown}
 i - a potion of heal wounds {unknown}
 j - 4 potions of might
 l - 5 potions of degeneration
 m - 3 potions of attraction
 p - a potion of flight {unknown}
 q - 3 potions of curing
 r - a potion of haste {unknown}
 s - a potion of berserk rage {unknown}
 w - a potion of magic {unknown}
 D - a potion of resistance {unknown}


   Skills:
 - Level 0.2 Staves
 - Level 2.4 Dodging
 - Level 2.4 Stealth
 - Level 10.1 Spellcasting
 - Level 12.0 Conjurations
 - Level 8.1 Hexes


You had 11 spell levels left.
You knew the following spells:

 Your Spells              Type           Power        Failure   Level
a - Magic Dart            Conj           100%         1%          1
b - Searing Ray           Conj           100%         1%          2
c - Dazzling Flash        Conj/Hex       100%         1%          3
d - Fulminant Prism       Conj/Hex       31%          1%          4
e - Static Discharge      Conj/Air       46%          1%          3
f - Iskenderun's Mystic   Conj/Tloc      46%          3%          4

Your spell library contained the following spells:

 Spells                   Type           Power        Failure   Level
 Lightning Bolt           Conj/Air       23%          10%         5
 Ignition                 Fire           10%          100%        8
 Shatter                  Erth           6%           100%        9
 Tornado                  Air            6%           100%        9


Dungeon Overview and Level Annotations

Branches:
Dungeon (8/15)             Temple (1/1) D:5
   Lair: D:8-11

Altars:
Cheibriados
Elyvilon
Fedhas
Gozag
Kikubaaqudgha
Makhleb
Nemelex Xobeh
Okawaru
Qazlal
Ru
Sif Muna
Trog
Uskayaw
Vehumet
Wu Jian
Yredelemnul
Zin
The Shining One

Shops:
D:4 [   D:8 ?


Message History

The searing ray hits the wolf!
You kill the wolf!
Qazlal accepts your kill.
You finish channeling your searing ray.
Your Hexes skill increases to level 8!
Casting: Searing Ray (safe; 1% risk of failure)
Confirm with . or Enter, or press ? or * to list all spells.
Okay, then.
Casting: Searing Ray (safe; 1% risk of failure)
Confirm with . or Enter, or press ? or * to list all spells.
Okay, then.
A centaur comes into view.
The centaur wields a +0 shortbow.
The centaur shoots an arrow.
The arrow hits you!
* * * LOW HITPOINT WARNING * * *
The centaur shoots an arrow.
You block the arrow.
The centaur shoots an arrow.
The arrow hits you!
* * * LOW HITPOINT WARNING * * *
The centaur shoots an arrow.
The arrow hits you.
You die...

≈≈≈≈..≈..# ######..#....
≈≈≈.≈.....# #......#....#
.≈≈.≈..≈..# #.######..###
..≈≈≈≈.≈≈.###............
..≈≈≈≈≈≈≈...####.........
.≈.≈≈≈≈≈≈.c..............
...≈≈.≈≈≈.#####..........
.≈......†§# #.####.....
######.@.# #...<..>...
##### ##########. #. ##


You could see a centaur.

Vanquished Creatures
  Pikel (D:8)
  Prince Ribbit (D:8)
  A yak (D:8)
  2 orc warriors (D:7)
  3 ice beasts
  A phantom (D:5)
  A wolf (D:8)
  3 black bears
  8 ogres
  A centaur (D:7)
  3 lemures (D:8)
  3 bullfrogs
  A scorpion (D:6)
  3 electric eels
  A crimson imp (D:4)
  A centaur zombie (D:6)
  A jelly (D:6)
  3 orc priests
  4 hounds
  2 bullfrog skeletons
  2 iguanas
  7 orc wizards
  5 worker ants
  2 worker ant zombies
  4 gnolls (D:4)
  10 adders
  A shadow imp (D:8)
  5 white imps
  2 ufetubi (D:5)
  3 adder skeletons
  2 worms
  5 dart slugs
  2 leopard geckos
  19 orcs
  2 ball pythons (D:3)
  5 giant cockroaches
  6 goblins
  2 hobgoblins
  8 jackals
  5 quokkas
  6 bats
  7 frilled lizards
  A giant cockroach zombie (D:6)
  A jackal zombie (D:7)
  8 kobolds
  A leopard gecko zombie (D:5)
  A quokka skeleton (D:8)
  8 rats
174 creatures vanquished.

Vanquished Creatures (others)
  44 fulminant prisms
  49 plants (D:6)
93 creatures vanquished.

Grand Total: 267 creatures vanquished

Notes
Turn   | Place    | Note
-------+----------+-------------------------------------------
     0 | D:1      | Alarak the Deep Elf Conjurer began the quest for the Orb.
     0 | D:1      | Reached XP level 1. HP: 10/10 MP: 6/6
   387 | D:1      | Reached XP level 2. HP: 15/15 MP: 5/8
   390 | D:1      | Learned a level 2 spell: Searing Ray
   933 | D:2      | Reached skill level 5 in Conjurations
  1029 | D:2      | Reached XP level 3. HP: 19/19 MP: 8/10
  1460 | D:2      | Learned a level 3 spell: Dazzling Flash
  1835 | D:2      | Found a sacrificial altar of Ru.
  1839 | D:2      | Found a hide-covered altar of Uskayaw.
  1867 | D:2      | Found an iron altar of Okawaru.
  1984 | D:2      | Reached XP level 4. HP: 22/24 MP: 1/12
  2133 | D:3      | Reached skill level 1 in Hexes
  2140 | D:3      | Learned a level 4 spell: Fulminant Prism
  2666 | D:3      | Reached skill level 5 in Spellcasting
  3149 | D:4      | Found a white marble altar of Elyvilon.
  3232 | D:4      | Noticed an ogre
  3240 | D:4      | Killed an ogre
  3241 | D:4      | Reached XP level 5. HP: 28/28 MP: 5/14
  3521 | D:4      | Reached skill level 5 in Hexes
  3616 | D:4      | Reached XP level 6. HP: 32/32 MP: 8/15
  3700 | D:4      | Found a burning altar of Makhleb.
  3775 | D:4      | Reached skill level 6 in Conjurations
  4157 | D:4      | Reached skill level 7 in Conjurations
  4157 | D:4      | Reached XP level 7. HP: 36/36 MP: 10/16
  4312 | D:4      | Found Baojid's Antique Armour Boutique.
  4489 | D:5      | Entered Level 5 of the Dungeon
  4531 | D:5      | Found a staircase to the Ecumenical Temple.
  4542 | Temple   | Entered the Ecumenical Temple
  4592 | Temple   | Became a worshipper of Qazlal Stormbringer
  4954 | D:5      | Reached skill level 8 in Conjurations
  5017 | D:5      | Reached XP level 8. HP: 41/41 MP: 13/20
  5184 | D:5      | Found a basalt altar of Yredelemnul.
  5411 | D:4      | Reached skill level 9 in Conjurations
  5688 | D:5      | Reached * piety under Qazlal
  6425 | D:6      | Found a stormy altar of Qazlal.
  6495 | D:6      | Found an ornate altar of the Wu Jian Council.
  6793 | D:6      | Reached skill level 10 in Conjurations
  6840 | D:6      | Learned a level 3 spell: Static Discharge
  7722 | D:7      | Reached XP level 9. HP: 45/45 MP: 5/23
  8106 | D:7      | Reached ** piety under Qazlal
  8975 | D:7      | Reached skill level 10 in Spellcasting
  8991 | D:8      | Noticed Prince Ribbit
  8996 | D:8      | Killed Prince Ribbit
  9075 | D:8      | Found Motwuug's Magic Scroll Shoppe.
  9098 | D:8      | Bought a scroll of identify for 32 gold pieces
  9098 | D:8      | Bought a scroll of identify for 32 gold pieces
  9098 | D:8      | Bought a scroll of identify for 32 gold pieces
  9106 | D:8      | Found a snail-covered altar of Cheibriados.
  9157 | D:8      | Noticed Pikel
  9177 | D:8      | Killed Pikel
  9178 | D:8      | Reached skill level 11 in Conjurations
  9261 | D:8      | Found a sparkling altar of Nemelex Xobeh.
  9272 | D:8      | Reached skill level 12 in Conjurations
  9432 | D:8      | Learned a level 4 spell: Iskenderun's Mystic Blast
  9728 | D:8      | Shot with an arrow by a centaur

Illustrated notes

Levels and vault maps discovered:
D:1:      onia_arrival_pyramid, layout_basic, fountainhead, minmay_pentomino_o4
D:2:      layout_loops_ring, grunt_temple_overflow_diamond
D:3:      layout_basic
D:4:      black_bear_nest_2, layout_basic, makhleb_grotto_becter,
          kennysheep_mini, serial_shops, nicolae_shop_trees
D:5:      layout_basic, lemuel_round_altar, minmay_temple_entry_purple_smoke
D:6:      layout_loops_cross, nzn_wu_jian_council_hall, serial_bayou,
          serial_bayou_lagoon_a, serial_bayou_shore_b, serial_bayou_shore_b,
          serial_bayou_pond_d, serial_bayou_pond_d, serial_bayou_pond_d,
          nicolae_qazlal_general_emergency
D:7:      layout_basic, minmay_misc_feat_nine_boxes
D:8:      layout_rooms, cheibriados_altar_1, kennysheep_mini_moat, serial_shops,
          shop_scrolls, serial_ice, serial_ice_h, serial_ice_e, serial_ice_j,
          serial_ice_g, trog_eyes_of_draining, uniq_pikel, uniq_prince_ribbit1,
          uniq_joseph
Temple:   compressed_dpeg_triangle_lava_temple

Skill      XL: |  1  2  3  4  5  6  7  8  9 |
---------------+----------------------------+-----
Conjurations   | 5 7 8 10 12 | 12.0
Spellcasting   | 4 5 7 8 10 | 10.1
Hexes          | 4 5 7 8 |  8.1
Staves         | |  0.2
Dodging        | |  2.4
Stealth        | |  2.4

Action                   |  1- 3 |  4- 6 |  7- 9 || total
-------------------------+-------+-------+-------++-------
Melee: Short sword       |    18 |       |       ||    18
       Quarterstaff      |       |       |     9 ||     9
 Cast: Magic Dart        |    49 |    59 |    65 ||   173
       Searing Ray       |     8 |    15 |    43 ||    66
       Dazzling Flash    |     1 |     4 |    10 ||    15
       Fulminant Prism   |       |       |    44 ||    44
       Static Discharge  |       |       |     1 ||     1
  Use: Scroll            |       |       |    17 ||    17
       Potion            |       |       |     2 ||     2
Armor: Robe              |     5 |     6 |     7 ||    18
Dodge: Dodged            |    10 |    16 |    44 ||    70
Block: Other             |       |       |     7 ||     7
